 Dungeon Crawl Stone Soup version 0.28.0-43-g3370ac3207 (webtiles) character file.

Game seed: 9472134288567904372

2520 smarlow the Reanimator (level 9, -9/78 HPs)
             Began as a Deep Dwarf Necromancer on Mar 11, 2022.
             Was an Initiate of Makhleb.
             Mangled by Harold
             ... wielding a +0 battleaxe
              (19 damage)
             ... on level 7 of the Dungeon.
             The game lasted 00:37:12 (10389 turns).

smarlow the Reanimator (Deep Dwarf Necromancer)    Turns: 10389, Time: 00:37:13

Health: -9/78      AC:  4    Str: 12    XL:     9   Next: 29%
Magic:  16/16      EV:  6    Int: 26    God:    Makhleb [......]
Gold:   256        SH:  0    Dex: 13    Spells: 13/19 levels left

rFire   . . .      SeeInvis .   A - +2 halberd (flame)
rCold   . . .      Faith    .   (shield currently unavailable)
rNeg    . . .      Spirit   .   a - +1 robe
rPois   .          Reflect  .   (no helmet)
rElec   .          Harm     .   (no cloak)
rCorr   .          Rampage  .   x - +0 pair of gloves
Will    +....                   (no boots)
Stlth   +++.......              (no amulet)
HPRegen 0.00/turn               f - +6 ring of intelligence
MPRegen 0.15/turn               (no ring)

@: mighty, brilliant, lethally poisoned (-9 -> -9), marked, flying, held,
invisible
A: damage resistance, heal wounds, sense surroundings 2, no regeneration
a: Heal Wounds, Renounce Religion


You were on level 7 of the Dungeon.
You worshipped Makhleb.
Makhleb was noncommittal.
You visited 2 branches of the dungeon, and saw 8 of its levels.
You also visited: Ossuary.

You collected 256 gold pieces.

Inventory:

Hand Weapons
 A - a +2 halberd of flaming (weapon)
Missiles
 w - a throwing net
Armour
 a - a +1 robe (worn)
 x - a +0 pair of gloves (worn)
Jewellery
 b - a +6 ring of intelligence
 f - a +6 ring of intelligence (left hand)
 m - a +6 ring of intelligence
 s - a ring of protection from cold
Wands
 j - a wand of mindburst (10)
 n - a wand of digging (3)
 t - a wand of polymorph (4)
 v - a wand of paralysis (7)
Scrolls
 e - 2 scrolls of identify
 l - a scroll of holy word
 r - 2 scrolls of vulnerability
 B - a scroll of enchant armour
Potions
 g - a potion of lignification
 h - a potion of brilliance
 k - 3 potions of flight
 o - 2 potions of resistance


   Skills:
 + Level 4.0 Fighting
 + Level 3.7 Armour
 - Level 3.0 Dodging
 + Level 5.8 Stealth
 * Level 5.8 Spellcasting
 + Level 3.1 Conjurations
 * Level 8.6 Necromancy


You had 13 spell levels left.
You knew the following spells:

 Your Spells              Type           Power      Damage    Failure   Level
a - Pain                  Necr           100%       1d9       1%          1
b - Vampiric Draining     Necr           68%        2d10      1%          3
c - Magic Dart            Conj           100%       1d8       1%          1
d - Foxfire               Conj/Fire      92%        2x1d8     3%          1

Your spell library contained the following spells:

 Spells                   Type           Power      Damage    Failure   Level
 Animate Skeleton         Necr           100%       N/A       1%          1
 Animate Dead             Necr           34%        N/A       1%          4
 Agony                    Necr           68%        N/A       6%          5
 Call Imp                 Summ           11%        N/A       11%         2
 Ensorcelled Hibernation  Hex/Ice        22%        N/A       11%         2
 Passwall                 Tmut/Erth      9%         N/A       11%         2
 Conjure Flame            Conj/Fire      23%        6-21      11%         3
 Mephitic Cloud           Conj/Pois/Air  19%        N/A       14%         3
 Inner Flame              Hex/Fire       11%        N/A       22%         3
 Swiftness                Air            11%        N/A       22%         3
 Flame Wave               Conj/Fire      23%        2d7       36%         4
 Olgreb's Toxic Radiance  Pois           11%        N/A       56%         4
 Ozocubu's Refrigeration  Ice            5%         4d6       100%        7
 Ignition                 Fire           5%         3d4       100%        8


Dungeon Overview and Level Annotations

Branches:
Dungeon (7/15)             Temple (1/1) D:5         Ossuary (visited)

Altars:
Ashenzari
Cheibriados
Elyvilon
Fedhas
Gozag
Hepliaklqana
Kikubaaqudgha
Makhleb
Nemelex Xobeh
Okawaru
Qazlal
Ru
Sif Muna
Uskayaw
Vehumet
Wu Jian
Xom
Yredelemnul
Zin
The Shining One

Annotations:
D:3 Sigmund
D:4 2 transporters, didgeridoom's ghost, amateur MiBe
D:7 Harold


Innate Abilities, Weirdness & Mutations

You are resistant to damage.
You can heal yourself by infusing magical energy.
You passively map the area around you.
You do not regenerate.


Message History

The throwing net completely misses the killer bee.
The throwing net hits you.
You become entangled in the net!
The killer bee stings you.
The howler monkey hoots and howls with incredible vigour!
The killer bee stings you. The kobold barely misses you.
The killer bee barely misses you.
It was a potion of curing.
You feel better. The killer bee stings you!
You are poisoned.
The killer bee poisons you! The killer bee barely misses you.
The bullfrog hits you. The killer bee stings you.
The killer bee barely misses you.
The kobold brigand hits you with a +0 whip.
The killer bee barely misses you. The howler monkey barely misses you.
The killer bee stings you.
The bullfrog hits you but does no damage.
The kobold barely misses you. The killer bee completely misses you.
You tear a large gash into the net.
The killer bee stings you. x2
You are more poisoned.
The killer bee poisons you! The killer bee closely misses you.
The kobold brigand hits you with a +0 whip.
The bullfrog hits you.
The howler monkey hoots and howls with incredible vigour!
The killer bee barely misses you. The killer bee completely misses you.
The kobold barely misses you. The killer bee barely misses you.
You hear some strange, mumbled words.
A puff of flame appears from out of thin air!
The puff of flame misses Harold.
The puff of flame hits you!
* * * LOW HITPOINT WARNING * * *
You struggle against the net.
The killer bee closely misses you. The killer bee stings you.
The bullfrog hits you. The killer bee stings you.
* * * LOW HITPOINT WARNING * * *
The howler monkey hits you.
* * * LOW HITPOINT WARNING * * *
The kobold brigand hits you with a +0 whip.
* * * LOW HITPOINT WARNING * * *
The killer bee stings you but does no damage.
The kobold throws a stone.
The stone hits Harold but does no damage.
Harold hits you with a +0 battleaxe!!
You die...

.........#,, ,
#.................## , ,
#..................##, *** ,
#.............$.....## , , *
#...............<..... h.., ,
#..................... ...####
#..................>.. ,.....#
#(..hKK............... #....#
#..oy@yK.............. ....#* *
#...y@Fn.............. ###.h.
......{Ky...............
.....#######.....................
...........#.....................
....(..............$.............
........##.#.....................
.....##.##.#............, ,, ,
.....##.# #........... ,


You could see Harold, a kobold brigand, a necrophage (dazed), a bullfrog, a
howler monkey (catching breath), 4 killer bees, an orc and 3 kobolds.

Vanquished Creatures
  Maggie (D:6)
  Prince Ribbit (D:6)
  A steam dragon (D:5)
  A water moccasin (D:4)
  2 orc warriors
  A sky beast (D:6)
  2 necrophages
  An ogre (D:4)
  A phantom (D:5)
  A kobold brigand (D:6)
  A bullfrog (D:7)
  A gnoll sergeant (D:5)
  2 killer bees (D:6)
  A howler monkey (D:7)
  A centaur zombie (D:6)
  2 hounds (D:5)
  3 jellies
  2 orc priests
  A bullfrog skeleton (D:5)
  A centaur skeleton (D:5)
  Ijyb (D:3)
  4 iguanas
  Natasha (thrice) (D:2)
  4 orc wizards
  A hound skeleton (D:4)
  7 gnolls
  3 adders
  3 white imps
  An ufetubus (D:6)
  3 worms
  A dart slug (D:4)
  21 orcs
  5 ball pythons
  5 bats
  6 endoplasms
  3 giant cockroaches
  3 goblins
  7 hobgoblins
  3 jackals (D:4)
  2 quokkas
  3 frilled lizards
  21 kobolds
  8 rats
145 creatures vanquished.

Vanquished Creatures (others)
  93 foxfires
93 creatures vanquished.

Grand Total: 238 creatures vanquished

Notes
Turn   | Place    | Note
-------+----------+-------------------------------------------
     0 | D:1      | smarlow the Deep Dwarf Necromancer began the quest for the
                  | Orb.
     0 | D:1      | Reached XP level 1. HP: 15/15 MP: 3/3
   286 | D:1      | Reached XP level 2. HP: 22/22 MP: 3/5
   644 | D:1      | You fall into a shaft and drop 1 floor!
  1335 | D:2      | Reached XP level 3. HP: 30/30 MP: 2/6
  1339 | D:2      | Learned a level 3 spell: Vampiric Draining
  2465 | D:2      | Found a faded altar of an unknown god.
  2928 | D:3      | Reached skill level 1 in Fighting
  2928 | D:3      | Reached skill level 5 in Necromancy
  2928 | D:3      | Reached XP level 4. HP: 38/38 MP: 1/7
  3385 | D:3      | Noticed Ijyb
  3396 | D:3      | Killed Ijyb
  3575 | D:3      | Noticed Sigmund
  3635 | D:4      | Noticed an ogre
  3721 | D:4      | Reached XP level 5. HP: 44/44 MP: 4/9
  3730 | D:4      | Found a transporter.
  3772 | D:4      | Found a transporter.
  3832 | D:4      | Found a sand-covered staircase.
  3840 | Ossuary  | Entered an ossuary
  3866 | D:4      | Noticed an orc warrior
  3884 | D:4      | Killed an orc warrior
  4122 | D:3      | Learned a level 1 spell: Magic Dart
  4332 | D:3      | Reached XP level 6. HP: 49/52 MP: 1/10
  4587 | D:3      | Noticed Natasha
  4600 | D:2      | Killed Natasha
  4614 | D:2      | Noticed Natasha
  4622 | D:2      | Killed Natasha
  4623 | D:2      | Reached skill level 6 in Necromancy
  5145 | D:2      | Noticed Natasha
  5158 | D:2      | Killed Natasha
  5829 | D:4      | Noticed didgeridoom's ghost (amateur MiBe)
  5905 | D:4      | Reached XP level 7. HP: 55/61 MP: 5/12
  6105 | D:5      | Entered Level 5 of the Dungeon
  6213 | D:4      | Reached skill level 1 in Armour
  6381 | D:5      | Reached skill level 1 in Conjurations
  6507 | D:5      | Noticed a steam dragon
  6631 | D:5      | Found a sparkling altar of Nemelex Xobeh.
  6713 | D:6      | Learned a level 1 spell: Foxfire
  7001 | D:6      | Noticed Maggie
  7354 | D:5      | Reached skill level 7 in Necromancy
  7569 | D:5      | Found a snail-covered altar of Cheibriados.
  7711 | D:5      | Found a staircase to the Ecumenical Temple.
  7717 | D:5      | Reached XP level 8. HP: 60/68 MP: 6/14
  8860 | D:6      | Reached skill level 5 in Spellcasting
  8950 | D:6      | Reached skill level 5 in Stealth
  9107 | D:6      | Noticed Prince Ribbit
  9123 | D:6      | Killed Prince Ribbit
  9124 | D:6      | Reached skill level 8 in Necromancy
  9341 | Temple   | Entered the Ecumenical Temple
  9431 | Temple   | Became a worshipper of Makhleb the Destroyer
  9714 | D:6      | Killed Maggie
  9715 | D:6      | Gained mutation: You passively map the area around you.
                  | [Deep Dwarf growth]
  9715 | D:6      | Reached XP level 9. HP: 52/78 MP: 0/17
 10363 | D:7      | Noticed Harold
 10389 | D:7      | Mangled by Harold

Illustrated notes

Levels and vault maps discovered:
D:1:      minmay_arrival_stair_chambers, layout_loops_ring, dk_noncrumbling_3
D:2:      layout_loops_corners, shapermc_ecumenical_altar_mp_vishouse
D:3:      wander_river, layout_loops_corners, uniq_sigmund, uniq_ijyb,
          uniq_natasha
D:4:      layout_basic, gammafunk_ghost_arena, nicolae_ossuary_entry_plus
D:5:      layout_basic, mainiacjoe_overflow_catch_the_wave,
          minmay_temple_entry_proselytizer, grunt_ministairs_1
D:6:      layout_basic, uniq_prince_ribbit1, uniq_maggie
D:7:      layout_basic, nicolae_dithmenos_through_a_glass_darkly, uniq_harold
Temple:   compressed_dpeg_circular_temple

Skill      XL: |  1  2  3  4  5  6  7  8  9 |
---------------+----------------------------+-----
Spellcasting   | 2 3 4 5 |  5.8
Stealth        | 3 4 5 |  5.8
Fighting       | 1 2 3 4 |  4.0
Necromancy     | 5 6 7 8 |  8.6
Dodging        | 3 |  3.0
Armour         | 1 3 |  3.7
Conjurations   | 1 2 3 |  3.1

Action                   |  1- 3 |  4- 6 |  7- 9 || total
-------------------------+-------+-------+-------++-------
Melee: Unarmed           |     1 |    12 |       ||    13
       Halberd           |       |       |     7 ||     7
 Cast: Pain              |    95 |    75 |    89 ||   259
       Vampiric Draining |     3 |    18 |    57 ||    78
       Magic Dart        |       |    12 |    19 ||    31
       Foxfire           |       |       |    53 ||    53
 Abil: Heal Wounds       |       |     1 |     6 ||     7
  Use: Scroll            |       |     1 |     9 ||    10
       Potion            |       |     3 |     8 ||    11
Armor: Robe              |     7 |     6 |    46 ||    59
       Skin              |       |     9 |       ||     9
Dodge: Dodged            |    15 |    23 |   195 ||   233
